 Dungeon Crawl Stone Soup version 0.21.0 (webtiles) character file.

265 MTVSty1e the Chopper (level 5, -2/46 HPs)
             Began as a Draconian Gladiator on Jan 7, 2018.
             Slain by Grinder (4 damage)
             ... on level 3 of the Dungeon.
             The game lasted 00:04:15 (3203 turns).

MTVSty1e the Chopper (Draconian Gladiator)          Turns: 3203, Time: 00:04:17

Health: -2/46      AC:  7    Str: 18    XL:     5   Next: 99%
Magic:  5/5        EV:  8    Int:  8    God:
Gold:   170        SH: 11    Dex: 12    Spells: 4/4 levels left

rFire    . . .     SeeInvis .   p - +0 hand axe (elec)
rCold    . . .     Gourm    .   m - +0 large shield
rNeg     . . .     Faith    .   (armour unavailable)
rPois    .         Spirit   .   b - +0 hat
rElec    .         Reflect  .   (no cloak)
rCorr    .         Harm     .   h - +0 pair of gloves
MR       .....                  k - +0 pair of boots
Stlth    +.........             (no amulet)
HPRegen  0.15/turn              (no ring)
MPRegen  0.09/turn              (no ring)

@: drained
A: unfitting armour, cold-blooded, AC +5
a: no special abilities


You were on level 3 of the Dungeon.
You were hungry.

You visited 1 branch of the dungeon, and saw 3 of its levels.

You collected 170 gold pieces.

Inventory:

Hand Weapons
 a - a +0 war axe
 p - a +0 hand axe of electrocution (weapon)
Missiles
 c - 3 throwing nets (quivered)
Armour
 b - a +0 hat (worn)
 h - a +0 pair of gloves (worn)
 k - a +0 pair of boots (worn)
 m - a +0 large shield (worn)
Scrolls
 e - 8 scrolls of identify {unknown}
 g - a scroll of random uselessness {unknown}
 j - a scroll of enchant armour {unknown}
 l - 2 scrolls of remove curse {unknown}
 n - a scroll of teleportation {unknown}
 r - a scroll of noise {unknown}
 s - a scroll of enchant weapon {unknown}
Potions
 i - a potion of brilliance
 o - a potion of cancellation
Comestibles
 d - 3 rations


   Skills:
 + Level 3.9(3.7) Fighting
 * Level 5.1(4.9) Axes
 - Level 1.7(1.5) Throwing
 + Level 3.8(3.6) Dodging
 + Level 0.0 Shields


You had 4 spell levels left.
You didn't know any spells.

Dungeon Overview and Level Annotations

Branches:
Dungeon (3/15)

Altars:

Annotations:
D:3 2 transporters, Grinder


Innate Abilities, Weirdness & Mutations

Your plain brown scales are hard. (AC +5)
You cannot fit into any form of body armour.
You are cold-blooded and may be slowed by cold attacks.


Message History

The ogre is moderately wounded.
You closely miss Grinder. The ogre barely misses you. Grinder hits you.
You writhe in agony.
You feel much better. You block the ogre's attack. Grinder gestures at you.
You suddenly lose the ability to move!
Grinder hits you!
You writhe in agony.
The ogre hits you with a giant club! Grinder hits you!
* * * LOW HITPOINT WARNING * * *
You writhe in agony.
* * * LOW HITPOINT WARNING * * *
You can move again.
You hit the ogre.
The ogre is heavily wounded.
You closely miss Grinder. The ogre hits you with a giant club.
* * * LOW HITPOINT WARNING * * *
Grinder hits you.
* * * LOW HITPOINT WARNING * * *
You writhe in agony.
You die...

#O.# #.##
#.################
#..>†........O...#
#.##############.#
#># #.# #.# #§#
#.# #O# #.# #@#
#.# #5# #.# #.#
..# #.# ### ..# #
..# # ...# # ...#
# .....


You could see Grinder and an ogre.

Vanquished Creatures
  The ghost of ahub the Skirmisher, an amateur DsFi (D:3)
  4 gnolls
  2 adders
  An ooze (D:1)
  A worm (D:2)
  3 dart slugs
  A ball python (D:1)
  5 giant cockroaches
  6 goblins
  11 hobgoblins
  2 jackals (D:2)
  6 kobolds
  8 bats
  6 frilled lizards
  9 rats
66 creatures vanquished.

Notes
Turn   | Place    | Note
-------+----------+-------------------------------------------
     0 | D:1      | MTVSty1e the Draconian Gladiator began the quest for the Orb.
     0 | D:1      | Reached XP level 1. HP: 17/17 MP: 1/1
   307 | D:1      | Reached XP level 2. HP: 16/25 MP: 2/2
   911 | D:1      | Reached XP level 3. HP: 30/30 MP: 3/3
  1593 | D:2      | Reached skill level 4 in Axes
  1900 | D:2      | Reached XP level 4. HP: 34/38 MP: 4/4
  2351 | D:3      | Found a transporter.
  2369 | D:3      | Found a transporter.
  2384 | D:3      | Noticed a kobold demonologist
  2411 | D:3      | Noticed ahub's ghost (amateur DsFi)
  2434 | D:3      | Killed ahub's ghost
  2434 | D:3      | Reached skill level 5 in Axes
  2434 | D:3      | Reached XP level 5. HP: 15/46 MP: 5/5
  3157 | D:3      | Noticed an ogre
  3186 | D:3      | Noticed Grinder
  3200 | D:3      | Paralysed by Grinder for 3 turns
  3203 | D:3      | HP: 2/46 [Grinder (6)]
  3203 | D:3      | Slain by Grinder

Skill      XL: |  1  2  3  4 |
---------------+-------------+-----
Dodging        | 3 |  3.8
Fighting       | 3 |  3.9
Axes           | 4 5 |  5.1
Throwing       | |  1.7

Action                   |  1- 3 |  4- 6 || total
-------------------------+-------+-------++-------
Melee: War axe           |    66 |       ||    66
       Tailslap          |     9 |     6 ||    15
       Hand axe          |    32 |    81 ||   113
  Use: Potion            |       |     6 ||     6
       Scroll            |       |     1 ||     1
 Stab: Sleeping          |     2 |       ||     2
  Eat: Ration            |     1 |     1 ||     2
Armor: Skin              |    30 |    64 ||    94
Dodge: Dodged            |    83 |    58 ||   141
Block: Large shield      |       |    19 ||    19
